 Dungeon Crawl Stone Soup version 0.27-a0-1557-g57f10a385c (webtiles) character file.

Game seed: 5416503131797256326

109 bande the Shield-Bearer (level 4, 0/28 HPs)
             Began as a Gargoyle Fighter on July 16, 2021.
             Slain by Crazy Yiuf (4 damage)
             ... on level 2 of the Dungeon.
             The game lasted 00:03:32 (2643 turns).

bande the Shield-Bearer (Gargoyle Fighter)          Turns: 2643, Time: 00:03:33

Health: 0/28       AC: 10    Str: 20    XL:     4   Next: 90%
Magic:  0/4        EV:  7    Int:  8    God:
Gold:   71         SH:  9    Dex: 10    Spells: 3/3 levels left

rFire    . . .     SeeInvis .   a - +0 war axe
rCold    . . .     Faith    .   c - +0 kite shield
rNeg     + . .     Spirit   .   b - +0 scale mail
rPois    ∞         Reflect  .   (no helmet)
rElec    +         Harm     .   (no cloak)
rCorr    .         Rampage  .   (no gloves)
Will     .....                  (no boots)
Stlth    ..........             (no amulet)
HPRegen  0.09/turn              (no ring)
MPRegen  0.09/turn              (no ring)

@: mighty
A: sickness immunity, AC +3, negative energy resistance 1, electricity
resistance, torment resistance 1, petrification resistance
a: no special abilities


You were on level 2 of the Dungeon.
You visited 1 branch of the dungeon, and saw 2 of its levels.

You collected 71 gold pieces.

Inventory:

Hand Weapons
 a - a +0 war axe (weapon)
Armour
 b - a +0 scale mail (worn)
 c - a +0 kite shield (worn)
Scrolls
 e - a scroll of amnesia {unknown}
 h - a scroll of enchant weapon {unknown}
Potions
 f - 2 potions of brilliance
 g - a potion of flight


   Skills:
 + Level 3.5 Fighting
 + Level 2.9 Axes
 + Level 4.1 Armour
 + Level 0.3 Dodging
 + Level 4.2 Shields


You had 3 spell levels left.
You didn't know any spells.
Your spell library contained the following spells:

 Spells                   Type           Power      Damage    Failure   Level
 Sting                    Tmut/Pois      0%         1d3       99%         1
 Spider Form              Tmut/Pois      0%         N/A       100%        3
 Tukima's Dance           Hex            0%         N/A       100%        3
 Passage of Golubria      Tloc           N/A        N/A       100%        4
 Summon Ice Beast         Ice/Summ       0%         N/A       100%        4
 Alistair's Intoxication  Tmut/Pois      0%         N/A       100%        5
 Yara's Violent Unravell  Hex/Tmut       0%         3d3       100%        5


Dungeon Overview and Level Annotations

Branches:
Dungeon (2/15)

Altars:

Annotations:
D:2 Crazy Yiuf


Innate Abilities, Weirdness & Mutations

You are immune to sickness and miasma.
Your stone body is resilient. (AC +3)
You are immune to poison.
You resist negative energy. (rN+)
You are resistant to electric shocks. (rElec)
You are resistant to unholy torment.
You are immune to petrification.


Message History

The endoplasm freezes you.
You are frozen.
You hit the endoplasm.
You kill the endoplasm!
Found 14 arrows.
You see here 14 arrows.
You see here 14 arrows.
You see here 14 arrows.
Key pressed, stopping explore.
Found a mace.
Found a runed translucent door.
Crazy Yiuf shouts!
There is an open door here.
You see here 20 arrows.
There is an open door here.
You see here 14 arrows.
Crazy Yiuf shouts!
Could not explore, unopened runed door.
You open the door. You hit Crazy Yiuf.
Crazy Yiuf is lightly wounded.
Crazy Yiuf screams, "East!
Powder return to song koolooloo."
Crazy Yiuf hits you with a +3 quarterstaff of chaos.
You feel your power leaking away.
Crazy Yiuf hits you with a +3 quarterstaff of chaos!
You feel your power leaking away.
You feel very mighty all of a sudden.
Crazy Yiuf glowers.
Crazy Yiuf hits you but does no damage.
Your scale mail prevents you from hitting Crazy Yiuf.
Crazy Yiuf is lightly wounded.
Crazy Yiuf whimpers, "Goober pontify stair!"
Crazy Yiuf hits you but does no damage.
You hit Crazy Yiuf.
Crazy Yiuf is moderately wounded.
Crazy Yiuf hits you with a +3 quarterstaff of chaos.
* * * LOW HITPOINT WARNING * * *
Crazy Yiuf burns you.
* * * LOW HITPOINT WARNING * * *
Crazy Yiuf hits you with a +3 quarterstaff of chaos.
You die...

#.##.........#.###.#.#
#.###########......#.#
#.# ##.#.....### #.#
##### ##.#.#.....† #.#
#..)# #....#.#####
###.# #...#
#..#.#.##### #...# ...
#..#........ ##### #g#
#..#.#.##### ♣♣@♣
#..#.#...... ♣.♣♣
####.####### ♣♣.♣
#........... ♣.♣♣
####.####### ♣♣.♣♣
#....# ♣...♣♣ #.####
♣....♣ #.# ##..## #.#
#....####.# #


You could see Crazy Yiuf.

Vanquished Creatures
  3 adders (D:2)
  3 worms (D:2)
  A dart slug (D:1)
  A ball python (D:1)
  3 endoplasms
  5 giant cockroaches
  5 goblins
  5 hobgoblins
  14 jackals
  5 quokkas
  3 bats
  5 frilled lizards
  7 kobolds
  5 rats
65 creatures vanquished.

Notes
Turn   | Place    | Note
-------+----------+-------------------------------------------
     0 | D:1      | bande the Gargoyle Fighter began the quest for the Orb.
     0 | D:1      | Reached XP level 1. HP: 14/14 MP: 1/1
   325 | D:1      | Reached XP level 2. HP: 19/19 MP: 2/2
   592 | D:1      | Reached XP level 3. HP: 19/23 MP: 3/3
  1277 | D:2      | Reached XP level 4. HP: 28/28 MP: 4/4
  1278 | D:2      | Found a faded altar of an unknown god.
  2106 | D:2      | Got Sif Muna's Volume of Creative Transmigration
  2385 | D:2      | Found a runed translucent door.
  2386 | D:2      | Noticed Crazy Yiuf
  2643 | D:2      | Slain by Crazy Yiuf

Illustrated notes

Levels and vault maps discovered:
D:1:      minmay_arrival_stair_chambers, layout_loops_cross,
          serial_bayou_pond_a, st_stairs_5, kennysheep_minor_cross,
          amcnicky_mini_pool_small
D:2:      minmay_skewed_foursquare, layout_basic, ebering_ecumenical_altar_mist,
          uniq_crazy_yiuf_cottage

Skill      XL: |  1  2  3  4 |
---------------+-------------+-----
Axes           | 2 |  2.9
Shields        | 4 |  4.2
Armour         | 4 |  4.1
Fighting       | |  3.5
Dodging        | |  0.3

Action                   |  1- 3 |  4- 6 || total
-------------------------+-------+-------++-------
Melee: War axe           |   121 |   105 ||   226
  Use: Potion            |     1 |     1 ||     2
       Scroll            |     1 |       ||     1
Armor: Scale mail        |    61 |    65 ||   126
Dodge: Dodged            |    46 |    37 ||    83
Block: Kite shield       |    84 |    70 ||   154

Table legend: (Time is in decaauts)
 A = Elapsed time spent in this place.
 B = Non-inter-level travel time spent in this place.
 C = Inter-level travel time spent in this place.
 D = Time resting spent in this place.
 E = Time spent auto-exploring this place.
 F = Levels seen in this place.
 G = Mean time per level.
                   A        B        C        D        E       F      G
               +--------+--------+--------+--------+--------+-----+--------+
         Total |   2780 |   2736 |     44 |      0 |   2131 |   2 | 1390.0 |
       Dungeon |   2780 |   2736 |     44 |      0 |   2131 |   2 | 1390.0 |
               +--------+--------+--------+--------+--------+-----+--------+

Top non-repeatable levels by time:
     D:2: 1460 daAuts
     D:1: 1319 daAuts
